 Dungeon Crawl Stone Soup version 0.31-a0-609-g7bf6ffcfed (console) character file.

Game seed: 7115102440352655194

357 petzl the Sneak (level 6, -1/47 HPs)
             Began as a Formicid Delver on Aug 22, 2023.
             Slain by a gnoll
             ... wielding a +0 halberd
              (5 damage)
             ... on level 4 of the Dungeon.
             The game lasted 00:15:16 (3210 turns).

petzl the Sneak (Formicid Delver)                   Turns: 3210, Time: 00:15:16

Health: -1/47      AC:  6    Str: 22    XL:     6   Next: 96%
Magic:  13/13      EV: 11    Int: 10    God:
Gold:   186        SH:  0    Dex: 19    Spells: 12/15 levels left

rFire   . . .        a - +0 mace
rCold   . . .        (no shield)
rNeg    . . .        w - +0 ring mail
rPois   +            (helmet unavailable)
rElec   .            (no cloak)
rCorr   .            (no gloves)
SInv    +            e - +0 pair of boots
Will    +....        z - amulet of the acrobat
Stlth   +++          j - +6 ring of strength
HPRegen 0.27/turn    q - ring of wizardry
MPRegen 0.13/turn

%: acrobat, wizardry (x1)
@: no status effects
A: permanent stasis, dig shafts and tunnels, antennae 3, four strong arms, agile
1, strong-willed 1, poison resistance
a: Dig, Shaft Self


You were on level 4 of the Dungeon.
You visited 1 branch of the dungeon, and saw 6 of its levels.

You collected 186 gold pieces.

Inventory:

Hand Weapons
 a - a +0 mace (weapon)
 y - a +0 flail
Missiles
 g - 23 stones
 i - 3 poisoned darts
 s - a javelin (quivered)
 t - 2 datura-tipped darts
Armour
 b - a +0 leather armour
 e - a +0 pair of boots (worn)
 w - a +0 ring mail (worn)
Jewellery
 j - a +6 ring of strength (left hand)
 p - an amulet of reflection
 q - a ring of wizardry (right hand)
 z - an amulet of the acrobat (around neck)
Wands
 f - a wand of digging (2)
 x - a wand of quicksilver (2)
Scrolls
 d - a scroll of revelation
 h - a scroll of identify {unknown}
 k - a scroll of acquirement {unknown}
 r - a scroll of enchant weapon {unknown}
 A - a scroll of poison {unknown}
 C - a scroll of noise {unknown}
Potions
 l - a potion of invisibility {unknown}
 m - a potion of haste {unknown}
 n - a potion of degeneration {unknown}
 o - a potion of enlightenment {unknown}
 u - a potion of mutation
 v - a potion of resistance {unknown}
 B - a potion of curing {unknown}


   Skills:
 - Level 3.2 Fighting
 - Level 2.0 Maces & Flails
 - Level 1.7 Dodging
 - Level 6.0 Stealth
 + Level 5.0 Spellcasting
 + Level 1.7 Conjurations
 * Level 3.6 Earth Magic


You had 12 spell levels left.
You knew the following spells:

 Your Spells              Type           Power      Damage    Failure   Level
a - Stone Arrow           Conj/Erth      14%        3d7       16%         3

Your spell library contained the following spells:

 Spells                   Type           Power      Damage    Failure   Level
 Sandblast                Erth           18%        2d7       3%          1
 Passwall                 Tmut/Erth      5%         N/A       11%         2
 Necrotise                Necr           8%         1d4       16%         1
 Summon Small Mammal      Summ           8%         N/A       16%         1
 Call Canine Familiar     Summ           2%         N/A       38%         3
 Summon Guardian Golem    Hex/Summ       2%         N/A       38%         3
 Airstrike                Air            1%         2d(1-17)  78%         4
 Death's Door             Necr           1%         N/A       100%        9
 Swiftness                Air            Unusable   N/A       N/A         3

Dungeon Overview and Level Annotations

Branches:
Dungeon (6/15)             Temple (0/1) D:4

Altars:
Elyvilon
Gozag
Qazlal
Trog
Xom
Yredelemnul

Annotations:
D:2 Natasha
D:4 1 runed translucent door, exclusions: downstairs, ogre and sensed monster (detected), olddryhag's ghost, amateur DsVM


Innate Abilities, Weirdness & Mutations

You cannot be hasted, slowed, berserked, paralysed or teleported.
You can dig through walls and to a lower floor.
You have a pair of large antennae on your head. (SInv)
Your four strong arms can wield two-handed weapons with a shield.
You are agile. (Dex +4, Str/Int -1)
You are strong-willed. (Will+)
Your system is resistant to poisons. (rPois)


Message History

Unknown command.
Okay, then.
Press: ? - help, v - describe, . - travel
Here: a gnoll, wielding a +0 spear and carrying a wand of roots The floor.
Unknown command.
Unknown command.
Unknown command.
Unknown command.
Unknown command.
It was a potion of mutation.
You feel extremely strange.
You feel resistant to poisons.
You feel strong-willed.
You feel agile.
The gnoll hits you but does no damage. x2; The grasping roots constrict you.
* * * LOW HITPOINT WARNING * * *
Unknown command.
Unknown command.
Unknown command.
Okay, then.
Unknown command.
Press: ? - help, v - describe, . - travel
Here: a gnoll, wielding a +0 spear and carrying a wand of roots The floor.
Unknown command.
Unknown command.
Unknown command.
Unknown command.
Unknown command.
Unknown command.
Unknown command.
You escape the roots grasp.
The gnoll attacks as it pursues you! The gnoll completely misses you.
The gnoll zaps a wand.
The roots erupt in riotous growth!
The grasping roots grab you! The grasping roots constrict you.
* * * LOW HITPOINT WARNING * * *
You escape the roots grasp.
Found a scroll labelled APAIMIR MIENLU.
Okay, then.
As you read the scroll of fog, it dissolves into smoke.
The gnoll hits you from afar with a +0 halberd.
You die...

#########..
###.<).......
#...########. #.###
###.# #...# #.### #..
#.# ## .#... ..# ##$
....# ### #..#####.>.#
# #....#.....#?..
##..#...# ..#...#
#......###....#.#
#.##..#.#.#..#..#
#.##..).#...##.#
###.#...(.#......#
#...#.....§§§§§.#
##.###.....§§@§..#
#.>##......§§§§§.#
#.###.#......g§..# #.#
#.#....g(....# ###.#
#.##........## ##...#
#........# ###..###
#.....?....# ##..##
#..........# ##.##
#..........# ...#
#.#..........# ...###
#.#......)...#
.#...#####.##.........#
####.....#.###......#
##.##.#.#
##..##...#####
###........#..8#
#............._#
).#........#..8#
#..........#####


You could see 2 gnolls.

Vanquished Creatures
  A bullfrog (D:3)
  A scorpion (D:4)
  2 hounds
  An iguana (D:4)
  An orc wizard (D:2)
  3 gnolls (D:3)
  2 adders (D:2)
  A worm (D:3)
  2 dart slugs
  7 orcs
  4 bats
  5 endoplasms
  A giant cockroach (D:1)
  5 goblins
  4 hobgoblins
  2 quokkas
  6 ball pythons
  A frilled lizard (D:2)
  2 kobolds
  A rat (D:1)
52 creatures vanquished.

Vanquished Creatures (others)
  An orc (D:3)
  A giant cockroach (D:3)
  A quokka (D:3)
3 creatures vanquished.

Grand Total: 55 creatures vanquished

Notes
Turn   | Place    | Note
-------+----------+-------------------------------------------
     0 | D:5      | petzl the Formicid Delver began the quest for the Orb.
     0 | D:5      | Reached XP level 1. HP: 18/18 MP: 1/1
     4 | D:6      | Noticed an orc wizard
    65 | D:5      | Noticed an iguana
    97 | D:5      | Noticed an orc wizard
   142 | D:5      | Noticed a hound
   209 | D:3      | Reached skill level 1 in Spellcasting
   262 | D:2      | Reached XP level 2. HP: 21/24 MP: 3/5
   707 | D:1      | Reached XP level 3. HP: 29/29 MP: 6/6
  1694 | D:2      | Noticed Natasha
  1939 | D:2      | Reached XP level 4. HP: 32/35 MP: 8/8
  1964 | D:2      | You fall into a shaft and drop 2 floors!
  2081 | D:4      | Found an opulent altar of Gozag.
  2109 | D:4      | Noticed an ogre
  2129 | D:4      | Found a bloodstained altar of Trog.
  2138 | D:4      | Found a white marble altar of Elyvilon.
  2262 | D:3      | Reached XP level 5. HP: 39/41 MP: 9/11
  2353 | D:3      | Got the Codex of Zombies and Electricity
  2365 | D:3      | Learned a level 3 spell: Stone Arrow
  2405 | D:3      | Found a stormy altar of Qazlal.
  2432 | D:3      | Noticed a bullfrog
  2439 | D:3      | Found a shimmering altar of Xom.
  2697 | D:2      | Reached skill level 1 in Earth Magic
  2752 | D:4      | Reached skill level 1 in Conjurations
  2752 | D:4      | Reached XP level 6. HP: 43/47 MP: 11/13
  2982 | D:4      | Reached skill level 5 in Spellcasting
  3027 | D:4      | Found a runed translucent door.
  3031 | D:4      | Noticed olddryhag's ghost (amateur DsVM)
  3084 | D:4      | Found a basalt altar of Yredelemnul.
  3187 | D:4      | Found a staircase to the Ecumenical Temple.
  3206 | D:4      | Gained mutation: Your system is resistant to poisons.
                  | (rPois) [potion of mutation]
  3206 | D:4      | Gained mutation: You are strong-willed. (Will+) [potion of
                  | mutation]
  3206 | D:4      | Gained mutation: You are agile. (Dex +4, Str/Int -1)
                  | [potion of mutation]
  3210 | D:4      | Slain by a gnoll

Illustrated notes

Levels and vault maps discovered:
D:1:      dpeg_arrival_prison, layout_loops_corners,
          chequers_serial_rivers_marsh, minmay_misc_feat_iff
D:2:      layout_rooms, serial_corexii_hall, corexii_hall_statues_s,
          corexii_hall_statues_s, uniq_natasha
D:3:      layout_rooms, xom_confusion_cloud, nicolae_qazlal_eye_of_the_storm
D:4:      layout_rooms, mainiacjoe_overflow_catwalk, grunt_gozag_breadcrumbs,
          mainiacjoe_overflow_chevrons, bloody_trog, minmay_temple_entry_arrows,
          serial_shops, nicolae_shop_gibbet_a_chance, ebering_ghost_sewer_f,
          bh_walls_and_bars
D:5:      kennysheep_kobold_camp, layout_loops_ring
D:6:      gammafunk_cloud_chamber, layout_loops_ring,
          chequers_temple_overflow_minitemple, uniq_menkaure

Skill      XL: |  1  2  3  4  5  6 |
---------------+-------------------+-----
Spellcasting   | 2 3 4 5 |  5.0
Earth Magic    | 2 3 |  3.6
Conjurations   | 1 |  1.7
Fighting       | |  3.2
Maces & Flails | |  2.0
Dodging        | |  1.7
Stealth        | |  6.0

Action                     |  1- 3 |  4- 6 || total
---------------------------+-------+-------++-------
  Melee: Mace              |    69 |   112 ||   181
         Punch             |     3 |     1 ||     4
         Flail             |       |     6 ||     6
  Throw: Stone             |     9 |     6 ||    15
         Javelin           |       |     4 ||     4
         Dart              |       |     3 ||     3
Ability: Dig               |     1 |       ||     1
         Shaft Self        |       |     1 ||     1
  Evoke: Wand              |     1 |       ||     1
    Use: Scroll            |     1 |     1 ||     2
         Potion            |       |     1 ||     1
   Stab: Sleeping          |     9 |     5 ||    14
 Armour: Leather armour    |    17 |       ||    17
         Ring mail         |       |    48 ||    48
  Dodge: Dodged            |    43 |    81 ||   124
  Block: Other             |     4 |    18 ||    22

Table legend: (Time is in decaauts)
 A = Elapsed time spent in this place.
 B = Non-inter-level travel time spent in this place.
 C = Inter-level travel time spent in this place.
 D = Time resting spent in this place.
 E = Time spent auto-exploring this place.
 F = Levels seen in this place.
 G = Mean time per level.
                   A        B        C        D        E       F      G
               +--------+--------+--------+--------+--------+-----+--------+
         Total |   3273 |   3139 |    134 |    472 |   1442 |   6 |  545.5 |
       Dungeon |   3273 |   3139 |    134 |    472 |   1442 |   6 |  545.5 |
               +--------+--------+--------+--------+--------+-----+--------+

Top non-repeatable levels by time:
     D:1: 1100 daAuts
     D:2: 802 daAuts
     D:3: 677 daAuts
     D:4: 531 daAuts
     D:5: 160 daAuts
     D:6: 1 daAuts
